Cogmind - Beta 12 @@@ ROGUE MODE // 2023.03.11 @ 17:38:28 // Winter2019/RPGLIKE Player: honey223 Result: Self-destructed Performance ------------- Evolutions (2) 1000 Regions Visited (5) 1000 Robots Destroyed (50) 250 Value Destroyed (1585) 1585 Prototype IDs (29) 580 Alien Tech Used (0) 0 Bonus (440) 440 TOTAL SCORE: 4855 Bonus ------- High Alert Combat Kills 140 Aligned with FarCom 300 Cogmind --------- Core Integrity 375/600 Matter 300/300 Energy 300/300 System Corruption 0% Temperature Cool (0) Movement Walking (90) Location -8/Materials Parts ------- > --- POWER (1) -------- Enhanced Nuclear Core > --- PROPULSION (3) --- Potential Leg Potential Leg Flight Unit > --- UTILITY (5) ------ Improved Terrain Scanner Targeting Computer Targeting Computer Targeting Computer Targeting Computer > --- WEAPON (3) ------- Heavy Particle Cannon Ion Cannon Light Cannon > --- INVENTORY (2) ---- Large Battery (200) Hacking Suite Peak State ------------ > --- POWER ------------ Enhanced Nuclear Core > --- PROPULSION ------- Potential Leg Potential Leg Flight Unit > --- UTILITY ---------- Improved Terrain Scanner Targeting Computer Targeting Computer Targeting Computer Targeting Computer > --- WEAPON ----------- Beamcaster Ion Cannon Light Cannon > --- INVENTORY -------- Large Battery Hacking Suite [Rating: 42] Favorites ----------- Power Light Nuclear Core Engine Ion Engine Power Core Light Nuclear Core Propulsion Light Treads Treads Light Treads Leg Potential Leg Flight Unit Flight Unit Utility Targeting Computer Device Improved Terrain Scanner Storage Small Battery Processor Targeting Computer Weapon Medium Laser Energy Gun Medium Laser Energy Cannon Ion Cannon Ballistic Gun Assault Rifle Ballistic Cannon Light Cannon Impact Weapon Hammer Build | -11 -10 -10 -10 -9 -8 ------- Run | Jun Mat Min Exi Min Mat Slots Evolved 8 | 4 1 3 . . . Power . | . . . . . . Propulsion 2 | 1 . 1 . . . Utility 4 | 2 . 2 . . . Weapon 2 | 1 1 . . . . Parts Attached 35 | 7 8 10 6 1 3 Power 5 | 1 3 . . . 1 Engine 1 | 1 . . . . . Core 4 | . 3 . . . 1 Reactor . | . . . . . . Propulsion 7 | 2 . 3 2 . . Treads 2 | 2 . . . . . Leg 2 | . . . 2 . . Wheel . | . . . . . . Hover . | . . . . . . Flight 3 | . . 3 . . . Utility 15 | 2 4 4 4 1 . Device 9 | 2 4 . 2 1 . Storage 2 | . . . 2 . . Processor 4 | . . 4 . . . Hackware . | . . . . . . Protection . | . . . . . . Artifact . | . . . . . . Weapon 8 | 2 1 3 . . 2 Energy Gun 3 | 1 . 2 . . . Energy Cannon 2 | . . . . . 2 Ballistic Gun 1 | 1 . . . . . Ballistic Cannon 1 | . . 1 . . . Launcher . | . . . . . . Special Weapon . | . . . . . . Impact Weapon 1 | . 1 . . . . Slashing Weapon . | . . . . . . Piercing Weapon . | . . . . . . Special Melee Weapon . | . . . . . . Unidentified Prototypes 1 | . . . . . 1 Parts Lost . | . . . . . . Power . | . . . . . . Propulsion . | . . . . . . Utility . | . . . . . . Weapon . | . . . . . . Highest Loss Streak . | . . . . . . To Critical Strikes . | . . . . . . Average Slot Usage (%) 96 | . 94 99 99 99 100 Core 9 | . 10 10 8 8 8 Treads 15 | . 22 14 . . . Leg 3 | . . . 14 16 16 Flight 4 | . . 9 9 8 8 Device 24 | . 28 28 8 7 8 Processor 8 | . . 5 33 33 33 Energy Gun 13 | . 11 15 16 16 9 Ballistic Gun 8 | . 11 9 . . . Ballistic Cannon 2 | . . 1 8 8 8 Impact Weapon 5 | . 7 5 . . . Naked Turns . | . . . . . . Heaviest Build 24 | 11 15 17 17 17 24 Greatest Support 65 | 40 40 40 65 65 65 Greatest Overweight (x) 1 | . . 1 1 . . Average Overweight (x) . | . . . . . . Largest Inventory Capacity 2 | 1 1 2 2 2 2 Average Capacity 1 | . 1 1 2 2 2 Most Carried 2 | 1 1 2 2 2 2 Average Carried 1 | . . 1 1 2 2 Final Capacity 2 | 1 1 2 2 2 2 Final Carried 2 | 1 1 2 2 2 2 Class Distribution -------------------- 35% | Mutant 30% | Assassin 17% | Scavenger-Mutant 6% | Scavenger-Skirmisher 4% | Skirmisher 3% | Scavenger-Scout Dominant Class ---------------- Mutant | -10/Materials Assassin | -10/Mines Scavenger-Mutant | -10/Exiles Scavenger-Skirmisher | -9/Mines Gunner | -8/Materials Resources | -11 -10 -10 -10 -9 -8 ----------- Run | Jun Mat Min Exi Min Mat Matter Collected 874 | 288 278 154 60 50 44 Remotely . | . . . . . . Salvage Created 1995 | 101 1452 274 . 112 56 Parts 96 | 8 72 14 . . 2 Haulers Intercepted 2 | . 2 . . . . Recyclers Shooed 4 | 1 2 . . 1 . Parts Field Recycled . | . . . . . . Retrieved Matter . | . . . . . . Parts Self-Destructed . | . . . . . . Prevented . | . . . . . . Kills | -11 -10 -10 -10 -9 -8 ------- Run | Jun Mat Min Exi Min Mat Combat Hostiles Destroyed 46 | . 29 7 . 10 . Melee 4 | . 4 . . . . Guns 37 | . 22 7 . 8 . Cannons 2 | . . . . 2 . Classes Destroyed 11 | 1 7 2 . 1 . Worker 2 | . 2 . . . . Builder 3 | . 3 . . . . Tunneler 4 | 4 . . . . . Hauler 2 | . 2 . . . . Recycler 5 | . 3 1 . . 1 Operator 1 | . 1 . . . . Watcher 3 | . 3 . . . . Swarmer 3 | . . 3 . . . Grunt 31 | . 29 2 . . . Sentry 2 | . . 2 . . . Assembled 10 | . . . . 10 . Best Kill Streak 10 | 2 4 3 . 10 1 Combat Bots Only 10 | . 3 3 . 10 . Max Kills in Single Turn 2 | 2 1 1 . 2 1 Gunslinging . | . . . . . . Exploded . | . . . . . . Melee 1 | . 1 . . . . Uniques/NPCs Destroyed . | . . . . . . Combat | -11 -10 -10 -10 -9 -8 -------- Run | Jun Mat Min Exi Min Mat Damage Taken 1796 | . 1246 250 . 300 . Core 1441 | . 986 206 . 249 . Absorbed by Shields . | . . . . . . Redirected to Core 1146 | . 831 138 . 177 . Core Remaining (%) 81 | 100 . . . 62 . Volleys Fired 146 | 6 71 49 . 15 5 Largest 3 | 2 2 3 . 3 3 Hottest 175 | 70 70 135 . 175 170 Shots Fired 273 | 12 141 76 . 32 12 Gun 251 | 12 141 76 . 18 4 Cannon 22 | . . . . 14 8 Launcher . | . . . . . . Special . | . . . . . . Kinetic 111 | 6 71 18 . 14 2 Thermal 162 | 6 70 58 . 18 10 Explosive . | . . . . . . Electromagnetic . | . . . . . . Robot Hit Streak 16 | 3 16 12 . 11 13 Robot Miss Streak 3 | 2 3 1 . 3 1 Penetration Max . | . . . . . . Secondary Targets 4 | . 3 1 . . . Max Gunslinging Chain 1 | . 1 1 . . . Shots Hit Robots 202 | 6 137 31 . 18 10 Core Hits 91 | 5 55 13 . 15 3 Critical Kills 2 | . 1 1 . . . Critical Parts Destroyed 4 | . 4 . . . . Critical Strikes 16 | . 12 1 . 2 1 Burn 10 | . 7 . . 2 1 Destroy 1 | . 1 . . . . Smash 5 | . 4 1 . . . Melee Attacks 71 | . 69 2 . . . Impact 71 | . 69 2 . . . Slashing . | . . . . . . Piercing . | . . . . . . Sneak Attacks 11 | . 10 1 . . . Combat Hostiles 2 | . 2 . . . . Follow-up Attacks . | . . . . . . Damage Inflicted 3763 | 84 2578 490 . 374 237 Guns 2256 | 84 1417 407 . 262 86 Cannons 237 | . . . . 102 135 Explosions . | . . . . . . Melee 1219 | . 1136 83 . . . Ramming 51 | . 25 . . 10 16 Kinetic 989 | 34 681 155 . 102 17 Thermal 1504 | 50 736 252 . 262 204 Explosive . | . . . . . . Electromagnetic . | . . . . . . Impact 1219 | . 1136 83 . . . Slashing . | . . . . . . Piercing . | . . . . . . Highest Corruption . | . . . . . . Average Corruption . | . . . . . . Corruption Purged . | . . . . . . Corruption Blocked . | . . . . . . Overload Shots . | . . . . . . Overflow Damage 290 | . 290 . . . . Projectiles . | . . . . . . Explosions . | . . . . . . Melee 290 | . 290 . . . . Knockbacks 11 | . 9 . . 1 1 Impact 9 | . 9 . . . . Kinetic 2 | . . . . 1 1 Secondary . | . . . . . . Self-Inflicted Damage . | . . . . . . Shots . | . . . . . . Rammed 7 | . 7 . . . . Targets Rammed 16 | . 11 . . 3 2 Kicked 5 | . . . . 3 2 Crushed 4 | . 4 . . . . Highest Temperature 298 | . 6 81 . 298 102 Average Temperature 85 | . 6 33 . 156 43 Received Heat Transfer 990 | . 738 132 . 120 . Effects 1 | . . . . 1 . Interference 1 | . . . . 1 . Siege Activations . | . . . . . . Robots Corrupted . | . . . . . . Combat Hostiles . | . . . . . . Parts Fried 11 | . 11 . . . . Impact Corruptions 14 | . 14 . . . . Robots Melted . | . . . . . . Combat Hostiles . | . . . . . . Parts Melted 12 | . 8 4 . . . Heat Transferred 4477 | 148 2590 666 . 666 407 Parts Sabotaged . | . . . . . . Parts Stolen . | . . . . . . Parts Stripped . | . . . . . . Power Chain Reactions . | . . . . . . Missiles Intercepted . | . . . . . . Alert | -11 -10 -10 -10 -9 -8 ------- Run | Jun Mat Min Exi Min Mat Peak Influence 937 | 20 937 349 . 28 31 Initial 349 | . 13 349 . . 10 Average 330 | 11 440 284 . 25 17 Maximum Alert Level 3 | . 3 1 . . . Low Security (%) 33 | 100 26 7 . 100 100 Level 1 36 | . 23 92 . . . Level 2 18 | . 31 . . . . Level 3 11 | . 19 . . . . Level 4 . | . . . . . . Level 5 . | . . . . . . High Security . | . . . . . . Max Security . | . . . . . . Squads Dispatched 10 | . 10 . . . . Investigation 9 | . 9 . . . . Extermination . | . . . . . . Reinforcement 1 | . 1 . . . . Assault . | . . . . . . Garrison . | . . . . . . Intercept . | . . . . . . Searches Triggered . | . . . . . . Construction Impeded . | . . . . . . Haulers Reinforced . | . . . . . . Active Scanning Responses . | . . . . . . Cargo Convoy Interrupts . | . . . . . . Stealth | -11 -10 -10 -10 -9 -8 --------- Run | Jun Mat Min Exi Min Mat Distress Signals 1 | . 1 . . . . Communications Jammed . | . . . . . . Distress Signals . | . . . . . . Times Spotted 60 | . 38 7 . 13 2 Peak Tracking Total 8 | . 3 3 . 8 2 Tactical Retreats 2 | . 1 . . 1 . Traps | -11 -10 -10 -10 -9 -8 ------- Run | Jun Mat Min Exi Min Mat Traps Triggered 1 | . 1 . . . . Indirectly . | . . . . . . Trap Hack Attempts . | . . . . . . Triggered . | . . . . . . Disarmed . | . . . . . . Reprogrammed . | . . . . . . Reused . | . . . . . . Traps Extracted . | . . . . . . Installed . | . . . . . . Triggered . | . . . . . . Most Traps Carried 1 | . . 1 1 . . Machines | -11 -10 -10 -10 -9 -8 ---------- Run | Jun Mat Min Exi Min Mat Machines Disabled 31 | . 25 5 . 1 . Max in Single Turn 1 | . 1 1 . 1 . Machines Repaired 2 | . 2 . . . . Machines Sabotaged . | . . . . . . Overloaded Fab Kills . | . . . . . . Hacking | -11 -10 -10 -10 -9 -8 --------- Run | Jun Mat Min Exi Min Mat Machines Accessed 14 | . 10 . 2 1 1 Terminals 8 | . 7 . . . 1 Fabricators . | . . . . . . Repair Stations 1 | . 1 . . . . Recycling Units 2 | . 2 . . . . Scanalyzers . | . . . . . . Garrison Access . | . . . . . . Total Hacks 41 | . 30 . 8 1 2 Successful 24 | . 15 . 8 1 . Failed 16 | . 14 . . . 2 Catastrophic 2 | . 2 . . . . Database Lockouts 1 | . 1 . . . . Manual 20 | . 19 . 1 . . Terminals 28 | . 26 . . . 2 Fabricators . | . . . . . . Repair Stations 2 | . 2 . . . . Recycling Units 2 | . 2 . . . . Scanalyzers . | . . . . . . Garrison Access . | . . . . . . Terminal Hacks 17 | . 8 . 8 1 . Record 7 | . . . 7 . . Robot Analysis 2 | . 2 . . . . Prototype ID Bank 3 | . 3 . . . . Open Door 1 | . . . . 1 . Locate Traps 2 | . 2 . . . . Hauler Manifests 1 | . 1 . . . . EX-Prototype ID Bank 1 | . . . 1 . . Fabricator Hacks . | . . . . . . Repair Station Hacks 1 | . 1 . . . . Refit 1 | . 1 . . . . Recycling Unit Hacks . | . . . . . . Scanalyzer . | . . . . . . Garrison Access Hacks . | . . . . . . Unauthorized Hacks 6 | . 6 . . . . Terminals 4 | . 4 . . . . Sabotage 4 | . 4 . . . . Fabricators . | . . . . . . Repair Stations . | . . . . . . Recycling Units 2 | . 2 . . . . Tunnel 2 | . 2 . . . . Scanalyzers . | . . . . . . Garrison Access . | . . . . . . Data Cores Recovered . | . . . . . . Used . | . . . . . . Hacking Detections 9 | . 8 . . . 1 Full Trace Events 3 | . 3 . . . . Feedback Events . | . . . . . . Feedback Blocked . | . . . . . . Robot Schematics Acquired . | . . . . . . Robots Built . | . . . . . . Authchips . | . . . . . . Time . | . . . . . . Total Robot Build Rating . | . . . . . . Part Schematics Acquired . | . . . . . . Parts Built . | . . . . . . Authchips . | . . . . . . Time . | . . . . . . Total Part Build Rating . | . . . . . . Parts Repaired . | . . . . . . Time . | . . . . . . Parts Recycled . | . . . . . . Recycled Matter . | . . . . . . Retrieved Matter . | . . . . . . Retrieved Components . | . . . . . . Parts Scanalyzed . | . . . . . . Part Schematics Acquired . | . . . . . . Parts Damaged . | . . . . . . Bothacking | -11 -10 -10 -10 -9 -8 ------------ Run | Jun Mat Min Exi Min Mat Used RIF Installer . | . . . . . . Robots Hacked . | . . . . . . Non-combat . | . . . . . . Combat . | . . . . . . Robot Hacks Applied . | . . . . . . Relay Couplers Released . | . . . . . . Fabnet Peak Effective % . | . . . . . . Robots Rewired . | . . . . . . Allies Hacked . | . . . . . . Hacks Repelled . | . . . . . . Allies | -11 -10 -10 -10 -9 -8 -------- Run | Jun Mat Min Exi Min Mat Total Allies . | . . . . . . Largest Group . | . . . . . . Highest-Rated Group . | . . . . . . Highest-Rated Ally . | . . . . . . Total Orders . | . . . . . . Ally Attacks . | . . . . . . Total Damage . | . . . . . . Kills . | . . . . . . Allies Corrupted . | . . . . . . Allies Melted . | . . . . . . Intel | -11 -10 -10 -10 -9 -8 ------- Run | Jun Mat Min Exi Min Mat Robot Analysis Total 2 | . 2 . . . . Derelict Logs Recovered 2 | . . 2 . . . Drone Launches . | . . . . . . Drone Recoveries . | . . . . . . Exploration | -11 -10 -10 -10 -9 -8 ------------- Run | Jun Mat Min Exi Min Mat Turns Passed 4178 | 167 2149 934 474 370 84 Spaces Moved 2965 | 87 848 1035 595 338 62 Core 12 | 8 . 4 . . . Treads 1232 | 79 848 305 . . . Legs 838 | . . . 438 338 62 Wheels . | . . . . . . Hover . | . . . . . . Flight 883 | . . 726 157 . . Fastest Speed 34 | 50 160 34 34 45 90 Average Speed 102 | 149 160 71 75 87 90 Slowest Speed 160 | 160 160 160 130 90 90 Overloaded Moves 17 | . . . 1 16 . Propulsion Burnouts . | . . . . . . Robots Hopped . | . . . . . . Cave-ins Triggered . | . . . . . . Exploration Rate (%) 60 | 6 98 99 90 61 11 Regions Visited 5 Branch Regions 3 Pre-discovered Areas 5 | . 2 2 1 . . Known Exits Taken . | . . . . . . Unknown Exits Taken 5 | 1 1 1 1 1 . Scrap Searched 1 | . . 1 . . . Spaces Dug . | . . . . . . Terrain Destroyed 32 | . . 18 . 13 1 Melee . | . . . . . . Projectile 1 | . . . . . 1 AOE 31 | . . 18 . 13 . Terrain Rammed . | . . . . . . Walls Destroyed . | . . . . . . Machines Disabled . | . . . . . . Actions | -11 -10 -10 -10 -9 -8 --------- Run | Jun Mat Min Exi Min Mat Total 3723 | 109 1374 1156 622 383 79 Wait 379 | 8 297 32 13 25 4 Move 2960 | 86 847 1034 594 337 62 Hop . | . . . . . . Pick Up 10 | 2 4 3 1 . . Fast Attach 32 | 6 7 10 5 1 3 Attach 2 | 1 . . 1 . . Detach 3 | . 1 . 2 . . Swap 1 | . 1 . . . . Drop 30 | . 11 9 6 1 3 Fire 146 | 6 71 49 . 15 5 Melee 71 | . 69 2 . . . Ram . | . . . . . . Kick 5 | . . . . 3 2 Crush 11 | . 11 . . . . Escape Stasis . | . . . . . . Rewire . | . . . . . . Trap . | . . . . . . Miscellaneous 73 | . 55 17 . 1 . Route ------- -11/Junkyard -10/Materials (discovered 4 exits: [*Mat x3] / [*Min]) -10/Mines (discovered 3 exits: [*Mat x2] / *Exi) -10/Exiles -9/Mines -8/Materials History --------- Turn | Location | Event 1 | -11/Junkyard | Upgraded with Propulsion slot (x1) 1 | -11/Junkyard | Upgraded with Utility slot (x1) 1 | -11/Junkyard | Upgraded with Weapon slot (x1) 15 | -11/Junkyard | Discovered new exit (range 16) 51 | -11/Junkyard | Upgraded with Utility slot (x1) 168 | -11/Junkyard | Entered Materials 316 | -10/Materials | Build established: Mutant 386 | -10/Materials | Discovered new exit (range 6) 788 | -10/Materials | Reached level 2 805 | -10/Materials | Upgraded with Weapon slot (x1) 885 | -10/Materials | Discovered new exit (range 15) 1137 | -10/Materials | Reached level 3 1255 | -10/Materials | Discovered new exit (range 16) 1437 | -10/Materials | Discovered new exit (range 14) 1449 | -10/Materials | Central database locked down 1489 | -10/Materials | Reached level 4 1809 | -10/Materials | Build established: Assassin 1957 | -10/Materials | Reached level 5 2317 | -10/Materials | Entered Mines 2616 | -10/Mines | Deemed a non-threat by the Exiles lab entrance 2616 | -10/Mines | Discovered new exit (range 5) 2794 | -10/Mines | Discovered new exit (range 16) 2843 | -10/Mines | Learned location of Mines (-9) 2899 | -10/Mines | Found a hidden stash of uninstalled traps 2934 | -10/Mines | Upgraded with Propulsion slot (x1) 2955 | -10/Mines | Learned location of Storage (-7) 2987 | -10/Mines | Discovered new exit (range 14) 3068 | -10/Mines | Joined a pair of Derelicts in attacking an 0b10 outpost 3106 | -10/Mines | Upgraded with Utility slot (x1) 3116 | -10/Mines | Upgraded with Utility slot (x1) 3197 | -10/Mines | Reached level 6 3251 | -10/Mines | Entered Exiles 3260 | -10/Exiles | Met 8R-AWN 3266 | -10/Exiles | Met EX-HEX 3278 | -10/Exiles | Met EX-DEC 3284 | -10/Exiles | Learned location of Zion (-6) 3290 | -10/Exiles | Met EX-BIN 3294 | -10/Exiles | Aligned with FarCom system 3295 | -10/Exiles | Given EX-Vault access code 3303 | -10/Exiles | Opened EX-Vault 3306 | -10/Exiles | Found Potential Leg 3310 | -10/Exiles | Found Potential Leg 3331 | -10/Exiles | Warned to stay clear of 0b10 Research branches 3388 | -10/Exiles | Build established: Scavenger-Mutant 3479 | -10/Exiles | Discovered new exit (range 14) 3562 | -10/Exiles | Visited The Gauntlet 3725 | -10/Exiles | Left Exiles lab with Potential Leg 3725 | -10/Exiles | Entered Mines 3788 | -9/Mines | Assembled infested the area 3793 | -9/Mines | Assisted by a Guerilla fighting off Assembled 3899 | -9/Mines | Destroyed 10 combat bots 3936 | -9/Mines | Discovered new exit (range 11) 3945 | -9/Mines | Found the Drone Emporium 3993 | -9/Mines | A weapon hastily lodged in a ceiling crevice suddenly fell to the ground 4095 | -9/Mines | Entered Materials 4097 | -8/Materials | Reached level 7 4179 | -8/Materials | Self-destructed Last Messages --------------- 04095_ Receiving FarCom transmissions... 04097_ Reached level 7. 04105_ Dropped Lgt. Nuclear Core. 04106_ Acquired Prototype Power Core. 04106_ Identified Enh. Nuclear Core. 04119_ Dropped Particle Gun. 04119_ Acquired Ion Cannon. 04131_ Connecting with Terminal... 04131_ Current location identified: Materials 04144_ Kicked W-25 Informer out of the way. 04145_ Kicked W-25 Informer. 04146_ W-25 Informer suffers critical hit (Burn). 04149_ Destroyed Lgt. Deuterium Engine. 04149_ W-25 Informer knocked back. 04151_ W-25 Informer heat short circuits Imp. Signal Interpreter. 04156_ K-01 Serf collects debris. 04168_ Dropped Beamcaster. 04168_ Acquired Hvy. Particle Cannon. 04170_ R-06 Scavenger destroyed. 04173_ Acquired 44 matter. Map ----- +----------------------------------------------------+ | ?????????????????????????????????? | | ???????????????????????????? #?+?#??# | | ???????????????????????????????? ??# | | ????????????????????????????#???? ?## | | ?????????????????????????????#??? ?+ | | ???????????????????????????????? ?##### | | ???????????????????????????????? ? ##?## | | ?????????????????????????????#??? ?##?# | | ?????????????????????????#???? ? ##### | | ????????????????????????????##??? ?#??# | | ??????????????????????"?#??##??""? ##??# | | ??????????????????????"??#???? "?? ##### | | ????????????????????""???????# ??" ##### | | ?????????????????Y##??##?##### ???##?## | | ?????????????????##?#??#?#????#?##??#?#? | | ???????????????????????#??#?##?####??### | | ???????? ?? ???#?##???##?##???##?###?#?? | | ?????"????? ??????#?#??#?????##??#???##? | | ?????????????????#??#?#?#?#??########?#? | | ?????????"???????#????????#???##??#?##?? | | ?????????? ?#??######################### | | ?????????? # ?# """ """ # | | ????????????# ?# """ """ # | | ???????#????# # """ """ # | | ????????????# # + ########### | | ???????#????# @ # #??##???##? | | ??????????? # ## # ##?#???#??? | | ?????#??????? #" ] =%[ # ###?#??#??# | | ??????? ??????## = # #??#??###?? | | ????????"???#??########### #????##?### | | ???????????????#?????#?#?# ###??##??#? | | ??????????? ??#??????##?## ##??????### | | ??????????????##??###????# ###?????### | | ??????? ??????????#??#???# ##??#???#?# | | ??????????? ???#?????###?# #?????###?? | | ???????? ????#????????? ? ##?##?#???# | | ??????????##??????? ?? ? #?#?#?????? | | ???????????#?#?????w????? #?#???????? | | ???????? ???????????#????#####???##????? | | ????????????????????????##?##??????????? | | ????????????????????????##?????????????? | | ??????????????"?????"????#?????????????? | | ????????????????? ????#????????????????? | | ???????????????????????????????????????? | | ???????????????????????????????????????? | | ???????????????????????????????????????? | | ???????????????????????????????????????? | | ???????????????????????????????????????? | | ???????????????????????????????????????? | | ???????????????????????????????????????? | +----------------------------------------------------+ Best States ------------- Heat Dissipation 49 Energy Generation 17 Energy Capacity 300 Matter Stores 300 Matter Capacity 300 Sight Range 16 Terrain Scan Range 16 Terrain Scan Density 110 Evasion (%) 63 Targeting Accuracy 20 Recoil Reduction 2 Item Schematics ----------------- None Robot Schematics ------------------ None Fabricated ------------ Nothing Alien Tech Used ----------------- None Achievements -------------- None Challenges ------------ None RPGLIKE | -11 -10 -10 -10 -9 -8 --------- Run | Jun Mat Min Exi Min Mat Levels Raised 6 | . 4 1 . . 1 XP Earned 12770 | 3000 6416 1110 169 575 1500 XP Spent 7620 | 2920 800 3900 . . . Upgrades 16 | 10 1 5 . . . Propulsion Slot 2 | 1 . 1 . . . Utility Slot 4 | 2 . 2 . . . Weapon Slot 2 | 1 1 . . . . Heat Dissipation 4 | 4 . . . . . Mass Support 1 | . . 1 . . . Inventory Capacity 2 | 1 . 1 . . . Terrain Scan Density 1 | 1 . . . . . Protomatter Created 536 | . 460 62 . 14 . Integrity Restored 1478 | . 1106 348 . 24 . Core 1216 | . 965 227 . 24 . Parts 262 | . 141 121 . . . Protomatter Decayed 104 | . 84 7 . 13 . Game ------ Seed AssaultDispersionRedirector Manual? 0 Play Time 00:50:09 Cumulative 237.0 hours Start 2023.03.09 @ 21:09:25 End 2023.03.11 @ 17:38:28 Sessions 3 Manual Loads 0 Difficulty Rogue Special Mode Winter2019/RPGLIKE Game No. 53 Rogue 28 Adventurer 25 Explorer 0 Win Type - Total 18 Types 10/2/1/1/1/0/0/2/1 Lore% 87 Gallery% 78 Achievement% 78 Wizard Run 0 Options --------- ASCII 0 Keyboard 0 Movement Mouse Keybinds 0 Fullscreen 2 Font 24/Smallcaps Map View 76x56 Tactical HUD 1 Map Filters NONE Filters NONE Steam 1 RUN: c8141ee7-e939-46e5-9dab-0499a4589e2b